 Dungeon Crawl Stone Soup version 0.31-a0-986-g5e6e4ef867 (webtiles) character file.

Game seed: 17419326405137703002

2671 wildpjah the Cleaver (level 9, 0/79 HPs)
             Began as a Minotaur Fighter on Nov 12, 2023.
             Was a Follower of Trog.
             Slain by a vampire mosquito (2 damage)
             ... on level 10 of the Dungeon.
             The game lasted 00:09:02 (7135 turns).

wildpjah the Cleaver (Minotaur Fighter)             Turns: 7135, Time: 00:09:03

Health: 0/79       AC:  9    Str: 24    XL:     9   Next: 37%
Magic:  8/8        EV: 10    Int:  5    God:    Trog [*.....]
Gold:   310        SH:  5    Dex: 11    Spells: 8/8 levels left

rFire   . . .        a - +0 war axe
rCold   . . .        c - +0 buckler
rNeg    . . .        b - +0 scale mail
rPois   .            (helmet restricted)
rElec   .            j - +0 cloak
rCorr   +            (no gloves)
SInv    .            (no boots)
Will    +....        F - amulet of regeneration Stlth
                     D - ring of resist corrosion
HPRegen 1.13/turn    p - ring of willpower
MPRegen 0.11/turn

%: no passive effects
@: no status effects
A: horns 2, retaliatory headbutt
a: Renounce Religion, Berserk


You were on level 10 of the Dungeon.
You worshipped Trog.
Trog was aware of your devotion.
You visited 2 branches of the dungeon, and saw 11 of its levels.
You also visited: Ossuary.

You collected 310 gold pieces.

Inventory:

Hand Weapons
 a - a +0 war axe (weapon)
 n - a +1 falchion of flaming
Missiles
 E - 2 throwing nets
Armour
 b - a +0 scale mail (worn)
 c - a +0 buckler (worn)
 j - a +0 cloak (worn)
Jewellery
 p - a ring of willpower (right hand)
 D - a ring of resist corrosion (left hand)
 F - an amulet of regeneration (around neck)
Wands
 y - a wand of flame (22)
Scrolls
 g - a scroll of torment {unknown}
 i - 4 scrolls of teleportation {unknown}
 m - 2 scrolls of fear {unknown}
 o - 8 scrolls of identify {unknown}
 q - 3 scrolls of enchant armour {unknown}
 s - a scroll of fog {unknown}
 t - a scroll of blinking {unknown}
 v - 2 scrolls of revelation {unknown}
 w - a scroll of brand weapon {unknown}
 x - 2 scrolls of butterflies {unknown}
 z - a scroll of silence {unknown}
 A - 3 scrolls of amnesia {unknown}
 G - 3 scrolls of enchant weapon {unknown}
Potions
 d - 2 potions of might
 e - 3 potions of resistance {unknown}
 f - 3 potions of heal wounds {unknown}
 h - 4 potions of curing {unknown}
 k - 3 potions of mutation {unknown}
 l - 2 potions of magic {unknown}
 r - a potion of ambrosia {unknown}
 u - a potion of brilliance {unknown}
 B - a potion of cancellation {unknown}
 C - a potion of invisibility {unknown}


   Skills:
 + Level 7.4 Fighting
 + Level 10.3 Axes
 + Level 8.5 Armour
 + Level 2.9 Dodging
 + Level 0.7 Stealth
 + Level 5.8 Shields


You had 8 spell levels left.
You didn't know any spells.
Your spell library was empty.

Dungeon Overview and Level Annotations

Branches:
Dungeon (11/15)            Temple (1/1) D:5            Lair (0/5) D:11
Ossuary (visited)
    Orc: D:9-12

Altars:
Ashenzari
Cheibriados
Dithmenos
Elyvilon
Fedhas
Gozag
Hepliaklqana
Kikubaaqudgha
Nemelex Xobeh
Okawaru
Qazlal
Sif Muna
Trog
Uskayaw
Vehumet
Wu Jian
Zin
The Shining One

Shops:
D:6 =


Innate Abilities, Weirdness & Mutations

You have a pair of horns on your head.
You reflexively headbutt those who attack you in melee.


Message History

The vampire mosquito is moderately damaged.
The vampire mosquito bites you.
The vampire mosquito draws strength from your injuries!
You closely miss the vampire mosquito. The vampire mosquito misses you.
You furiously retaliate!
You headbutt the vampire mosquito! The vampire mosquito barely misses you.
You completely miss the vampire mosquito.
Your headbutt misses the vampire mosquito.
The vampire mosquito is moderately damaged.
You miss the vampire mosquito. The vampire mosquito bites you!
* * * LOW HITPOINT WARNING * * *
The vampire mosquito draws strength from your injuries!
The vampire mosquito bites you.
* * * LOW HITPOINT WARNING * * *
The vampire mosquito draws strength from your injuries!
The vampire mosquito bites you.
* * * LOW HITPOINT WARNING * * *
The vampire mosquito draws strength from your injuries!
The vampire mosquito bites you.
* * * LOW HITPOINT WARNING * * *
The vampire mosquito draws strength from your injuries!
The vampire mosquito bites you but does no damage.
You slash the vampire mosquito!
The vampire mosquito is heavily damaged.
You miss the vampire mosquito. The vampire mosquito bites you.
* * * LOW HITPOINT WARNING * * *
The vampire mosquito draws strength from your injuries!
The vampire mosquito bites you but does no damage.
The vampire mosquito bites you.
* * * LOW HITPOINT WARNING * * *
The vampire mosquito draws strength from your injuries!
The vampire mosquito bites you.
* * * LOW HITPOINT WARNING * * *
The vampire mosquito draws strength from your injuries!
You barely miss the vampire mosquito.
The vampire mosquito is moderately damaged.
You slash the vampire mosquito!
The vampire mosquito closely misses you.
The vampire mosquito bites you.
You die...

##. .+ ..... .#
.....#######+#.#
...............#
.....$.........#
...............####
............y......
...........@y......
###...............
#....##+#######.
#....# #....#
#....# ... #....#
#..
#######....#######
#..
..................
#..


You could see 2 vampire mosquitoes.

Vanquished Creatures
  Prince Ribbit (D:5)
  A steam dragon (D:7)
  Menkaure (Ossuary)
  An orc warrior (D:7)
  2 ice beasts
  A sky beast (D:7)
  4 black bears
  A centaur (D:6)
  A phantom (D:4)
  A kobold brigand (D:7)
  3 bullfrogs
  5 scorpions
  A wight (D:8)
  A howler monkey (D:6)
  2 hounds (D:7)
  4 orc priests
  A jelly (D:5)
  2 iguanas
  2 orc wizards
  3 mummies (Ossuary)
  8 adders
  11 gnolls
  4 ufetubi (D:6)
  2 worms
  2 dart slugs (D:4)
  28 orcs
  4 bats
  4 endoplasms
  4 giant cockroaches
  4 hobgoblins
  3 jackals (D:4)
  3 quokkas
  7 ball pythons
  4 frilled lizards
  2 gnoll skeletons (Ossuary)
  7 gnoll zombies (Ossuary)
  5 goblins
  5 goblin skeletons (Ossuary)
  2 goblin zombies (Ossuary)
  6 hobgoblin skeletons (Ossuary)
  2 hobgoblin zombies (Ossuary)
  17 kobolds
  3 kobold skeletons (Ossuary)
  7 kobold zombies (Ossuary)
  5 orc skeletons (Ossuary)
  2 orc zombies (Ossuary)
  8 rats
  4 rat skeletons (Ossuary)
  5 rat zombies (Ossuary)
206 creatures vanquished.

Notes
Turn   | Place    | Note
-------+----------+-------------------------------------------
     0 | D:1      | wildpjah the Minotaur Fighter began the quest for the Orb.
     0 | D:1      | Reached XP level 1. HP: 19/19 MP: 0/0
     1 | D:1      | Noticed an electric eel
   161 | D:1      | Reached XP level 2. HP: 27/27 MP: 1/1
   256 | D:1      | Found a faded altar of an unknown god.
   256 | D:1      | Noticed a hellion
   281 | D:1      | Reached skill level 3 in Axes
   761 | D:2      | Reached XP level 3. HP: 33/33 MP: 2/2
  1564 | D:3      | Reached XP level 4. HP: 32/40 MP: 3/3
  1751 | D:3      | Reached skill level 4 in Axes
  1992 | D:3      | Identified the +2 robe of Gaygru {-Tele rN+++ Regen+ Str-4
                  | Stlth+}
  2079 | D:3      | Reached XP level 5. HP: 44/46 MP: 4/4
  2452 | D:4      | HP: 2/46 [iguana (8)]
  2678 | D:4      | Noticed a phantom
  2688 | D:4      | Killed a phantom
  2689 | D:4      | Reached skill level 5 in Axes
  2689 | D:4      | Reached skill level 5 in Armour
  2689 | D:4      | Reached skill level 1 in Dodging
  2808 | D:4      | Reached XP level 6. HP: 50/53 MP: 5/5
  2826 | D:4      | Found a sand-covered staircase.
  2841 | Ossuary  | Entered an ossuary
  3115 | Ossuary  | Noticed Menkaure
  3119 | Ossuary  | Killed Menkaure
  3120 | Ossuary  | Reached skill level 6 in Axes
  3401 | D:4      | Reached skill level 5 in Fighting
  3401 | D:4      | Reached XP level 7. HP: 50/61 MP: 6/6
  3813 | D:5      | Entered Level 5 of the Dungeon
  3889 | D:5      | Noticed Prince Ribbit
  3907 | D:5      | Killed Prince Ribbit
  3908 | D:5      | Reached skill level 7 in Axes
  4525 | D:5      | Reached skill level 8 in Axes
  4561 | D:5      | Found a staircase to the Ecumenical Temple.
  4571 | Temple   | Entered the Ecumenical Temple
  4602 | Temple   | Became a worshipper of Trog the Wrathful
  4693 | D:5      | Found a hazy altar of Hepliaklqana.
  4730 | D:5      | Reached XP level 8. HP: 49/69 MP: 7/7
  4853 | D:5      | Reached skill level 5 in Shields
  5395 | D:6      | Reached skill level 9 in Axes
  5418 | D:6      | Reached * piety under Trog
  5496 | D:6      | Found Ubboqef's Jewellery Boutique.
  6209 | D:7      | Reached XP level 9. HP: 77/79 MP: 8/8
  6707 | D:7      | Reached skill level 10 in Axes
  7022 | D:8      | You fall into a shaft and drop 3 floors!
  7031 | D:11     | Found a staircase to the Lair.
  7043 | D:10     | Entered Level 10 of the Dungeon
  7134 | D:10     | HP: 1/79 [vampire mosquito (5)]
  7135 | D:10     | Slain by a vampire mosquito

Illustrated notes

Levels and vault maps discovered:
D:1:      arrival_aquarium_a, layout_basic,
          dreamdust_ecumenical_altar_sealed_demon
D:2:      layout_loops_corners
D:3:      layout_basic
D:4:      layout_cave_pods, nicolae_ossuary_entry_false_entrances
D:5:      minmay_inner_zag, layout_loops_ring, mainiacjoe_overflow_chevrons,
          minmay_temple_entry_mist, uniq_prince_ribbit1
D:6:      layout_basic, serial_shops,
          nicolae_shop_temple_entry_statues_fountains, uniq_menkaure
D:7:      layout_cave_pools, nrook_campfire, minmay_misc_feat_five,
          grunt_ministairs_10, kennysheep_generic_room_10
D:8:      layout_rooms, nicolae_overflow_quartered_altars, kennysheep_doodads,
          grunt_ministairs_13, uniq_jeremiah
D:10:     layout_irregular_city, corexii_leaking_fountain,
          chequers_serial_rivers_small_a
D:11:     layout_roguey, dpeg_oklobed_lair, portal_ice_cave_demonic_guard,
          grunt_decor_arrowhead
Temple:   minmay_crystal_spiral_temple

Skill      XL: |  1  2  3  4  5  6  7  8  9 |
---------------+----------------------------+-----
Shields        | 4 5 |  5.8
Axes           | 3 4 5 6 8 9 10 | 10.3
Armour         | 4 5 6 7 8 |  8.5
Fighting       | 4 5 7 |  7.4
Dodging        | 1 2 |  2.9
Stealth        | |  0.7

Action                     |  1- 3 |  4- 6 |  7- 9 || total
---------------------------+-------+-------+-------++-------
  Melee: War axe           |    81 |   170 |   211 ||   462
         Headbutt          |     8 |    35 |    41 ||    84
 Armour: Scale mail        |    56 |   106 |   174 ||   336
  Dodge: Dodged            |    37 |    70 |   100 ||   207
  Block: Buckler           |    20 |    27 |    63 ||   110

Table legend: (Time is in decaauts)
 A = Elapsed time spent in this place.
 B = Non-inter-level travel time spent in this place.
 C = Inter-level travel time spent in this place.
 D = Time resting spent in this place.
 E = Time spent auto-exploring this place.
 F = Levels seen in this place.
 G = Mean time per level.
                   A        B        C        D        E       F      G
               +--------+--------+--------+--------+--------+-----+--------+
         Total |   7231 |   6949 |    282 |     15 |   5778 |  12 |  602.6 |
       Dungeon |   6696 |   6474 |    222 |      0 |   5555 |  10 |  669.6 |
        Temple |     62 |      2 |     60 |      0 |      0 |   1 |   62.0 |
       Ossuary |    472 |    472 |      0 |     15 |    223 |   1 |  472.0 |
               +--------+--------+--------+--------+--------+-----+--------+

Top non-repeatable levels by time:
     D:5: 1179 daAuts
     D:6: 1143 daAuts
     D:4: 1046 daAuts
     D:2: 1016 daAuts
     D:3: 822 daAuts
     D:7: 723 daAuts
     D:1: 550 daAuts
 Ossuary: 472 daAuts
     D:8: 100 daAuts
    D:10: 91 daAuts
  Temple: 62 daAuts
    D:11: 20 daAuts
